TOP OF THE 1ST |
Oklahoma Sooners batting - Pitching for Texas Christian Horned Frogs : LHP Carlos González
|
Pitching: LHP Carlos González
|
|
Batting: SHB José Rojas
|
0-0: Ball 1-0: Called Strike 1-1: SINGLE (Line Drive, 78S)
|
Batting: LHB Mark Watson
|
0-0: Ball 1-0: Called Strike 1-1: Ball 2-1: Foul Ball, location: 2F 2-2: Strikes out swinging
|
Batting: RHB Rafael Barajas
|
0-0: Ball José Rojas is caught stealing 2nd base 1-0: Ball 2-0: Ball 3-0: Called Strike 3-1: Base on Balls
|
Batting: RHB Albert Morán
|
0-0: Ball 1-0: Foul Ball, location: 2F 1-1: Foul Ball, location: 2F 1-2: Ball 2-2: Foul Ball, location: 2F 2-2: Ball 3-2: SINGLE (Groundball, 56D) Rafael Barajas to second Rafael Barajas to third
|
Batting: RHB Bryant Caldwell
|
0-0: Called Strike 0-1: Fielders Choice at 2nd, 6-4 (Groundball, 6)
|
Top of the 1st over - 0 run(s), 2 hit(s), 0 error(s), 1 left on base; Oklahoma 0 - Texas Christian 0 |
BOTTOM OF THE 1ST |
Texas Christian Horned Frogs batting - Pitching for Oklahoma Sooners : RHP Parker Dunham
|
Pitching: RHP Parker Dunham
|
|
Batting: RHB Eric Adams
|
0-0: Foul Ball, location: 2F 0-1: Foul Ball, location: 2F 0-2: Foul Ball, location: 2F 0-2: Ball 1-2: Strikes out swinging
|
Batting: RHB Jeff Byford
|
0-0: Swinging Strike 0-1: Called Strike 0-2: Ball 1-2: Strikes out looking
|
Batting: LHB Todd Gilliam
|
0-0: Foul Ball, location: 2F 0-1: Foul Ball, location: 2F 0-2: Ball 1-2: Foul Ball, location: 2F 1-2: Strikes out swinging
|
Bottom of the 1st over - 0 run(s), 0 hit(s), 0 error(s), 0 left on base; Oklahoma 0 - Texas Christian 0 |
TOP OF THE 2ND |
Oklahoma Sooners batting - Pitching for Texas Christian Horned Frogs : LHP Carlos González
|
Batting: SHB Allen King
|
0-0: Foul Ball, location: 2F 0-1: Ball 1-1: Ball 2-1: Called Strike 2-2: Ground out 4-3 (Groundball, 4S)
|
Batting: RHB Elliott Crouch
|
0-0: Foul Ball, location: 2F 0-1: Called Strike 0-2: Strikes out swinging
|
Batting: LHB Pancho Sardiña
|
0-0: Fly out, F7 (Flyball, 7S)
|
Top of the 2nd over - 0 run(s), 0 hit(s), 0 error(s), 0 left on base; Oklahoma 0 - Texas Christian 0 |
BOTTOM OF THE 2ND |
Texas Christian Horned Frogs batting - Pitching for Oklahoma Sooners : RHP Parker Dunham
|
Batting: LHB Winston Lewis
|
0-0: Swinging Strike 0-1: Foul Ball, location: 2F 0-2: Fly out, F9 (Flyball, 9LD)
|
Batting: SHB Ron Winston
|
0-0: Ground out 4-3 (Groundball, 4)
|
Batting: RHB Stan Webb
|
0-0: Foul Ball, location: 2F 0-1: Ball 1-1: Foul Ball, location: 2F 1-2: Strikes out swinging
|
Bottom of the 2nd over - 0 run(s), 0 hit(s), 0 error(s), 0 left on base; Oklahoma 0 - Texas Christian 0 |
TOP OF THE 3RD |
Oklahoma Sooners batting - Pitching for Texas Christian Horned Frogs : LHP Carlos González
|
Batting: RHB Ambrosio Hernández
|
0-0: Ball 1-0: Called Strike 1-1: Ball 2-1: Ball 3-1: Base on Balls
|
Batting: SHB José Rojas
|
0-0: Ball 1-0: SINGLE (Line Drive, 8RS) Ambrosio Hernández to second
|
Batting: LHB Mark Watson
|
0-0: Ball 1-0: Grounds into double play, 6-4-3 (Groundball, 6) Ambrosio Hernández to third
|
Batting: RHB Rafael Barajas
|
0-0: Ball 1-0: Called Strike 1-1: Called Strike 1-2: Foul Ball, location: 2F 1-2: Ball 2-2: Strikes out swinging
|
Top of the 3rd over - 0 run(s), 1 hit(s), 0 error(s), 1 left on base; Oklahoma 0 - Texas Christian 0 |
BOTTOM OF THE 3RD |
Texas Christian Horned Frogs batting - Pitching for Oklahoma Sooners : RHP Parker Dunham
|
Batting: LHB Axel Hall
|
0-0: SINGLE (Groundball, 6MD)
|
Batting: RHB Danny Wilson
|
0-0: Fielders Choice at 2nd, 6-4 (Groundball, 6)
|
Batting: SHB Pete Fields
|
0-0: Ball 1-0: Called Strike 1-1: Swinging Strike 1-2: Fly out, F9 (Flyball, 9S)
|
Batting: RHB Eric Adams
|
0-0: Foul Ball, location: 2F 0-1: Ball 1-1: Foul Ball, location: 2F 1-2: Strikes out looking
|
Bottom of the 3rd over - 0 run(s), 1 hit(s), 0 error(s), 1 left on base; Oklahoma 0 - Texas Christian 0 |
TOP OF THE 4TH |
Oklahoma Sooners batting - Pitching for Texas Christian Horned Frogs : LHP Carlos González
|
Batting: RHB Albert Morán
|
0-0: Ball 1-0: SINGLE (Line Drive, 34D)
|
Batting: RHB Bryant Caldwell
|
0-0: Ball 1-0: Foul Ball, location: 2F 1-1: Ball 2-1: Ball 3-1: Called Strike 3-2: Foul Ball, location: 2F 3-2: Foul Ball, location: 2F 3-2: Foul Ball, location: 2F 3-2: Base on Balls Albert Morán to second
|
Batting: SHB Allen King
|
0-0: Called Strike Albert Morán steals 3rd base Bryant Caldwell to second 0-1: Called Strike 0-2: Strikes out looking
|
Batting: RHB Elliott Crouch
|
0-0: Foul Ball, location: 2F 0-1: Ball 1-1: Swinging Strike 1-2: Strikes out looking
|
Batting: LHB Pancho Sardiña
|
0-0: SINGLE (Groundball, 34S) (infield hit) Albert Morán scores Bryant Caldwell to third
|
Batting: RHB Ambrosio Hernández
|
0-0: SINGLE (Groundball, 56S) (infield hit) Bryant Caldwell scores Pancho Sardiña to second
|
Batting: SHB José Rojas
|
0-0: Foul Ball, location: 2F 0-1: Called Strike 0-2: Fly out, F9 (Flyball, 9LMF)
|
Top of the 4th over - 2 run(s), 3 hit(s), 0 error(s), 2 left on base; Oklahoma 2 - Texas Christian 0 |
BOTTOM OF THE 4TH |
Texas Christian Horned Frogs batting - Pitching for Oklahoma Sooners : RHP Parker Dunham
|
Batting: RHB Jeff Byford
|
0-0: Called Strike 0-1: Ball 1-1: Swinging Strike 1-2: DOUBLE (Line Drive, 7LM)
|
Batting: LHB Todd Gilliam
|
0-0: Ball 1-0: Ball 2-0: Ball 3-0: Called Strike 3-1: Foul Ball, location: 2F 3-2: Foul Ball, location: 2F 3-2: Fly out, F7 (Flyball, 78D)
|
Batting: LHB Winston Lewis
|
0-0: Called Strike 0-1: Ball 1-1: Ball 2-1: Foul Ball, location: 2F 2-2: SINGLE (Groundball, 4MD) Jeff Byford to third Runner from 3rd tries for Home, SAFE, throw made home Winston Lewis to second
|
Batting: SHB Ron Winston
|
0-0: Swinging Strike 0-1: Foul Ball, location: 2F 0-2: Ball 1-2: Ball 2-2: Foul Ball, location: 2F 2-2: Foul Ball, location: 2F 2-2: Foul Ball, location: 2F 2-2: Ball Passed Ball! Winston Lewis to third 3-2: SINGLE (Groundball, 6MD) Winston Lewis scores
|
Batting: RHB Stan Webb
|
0-0: Called Strike 0-1: SINGLE (Line Drive, 89S) Ron Winston to second Runner from 2nd tries for 3rd, SAFE, throw made to third
|
Batting: LHB Axel Hall
|
0-0: Ball 1-0: Ball 2-0: Called Strike 2-1: Ball 3-1: Base on Balls Stan Webb to second
|
Batting: RHB Danny Wilson
|
0-0: Fielders Choice at 2nd, 6-4 (Groundball, 6) Ron Winston scores Stan Webb to third
|
Batting: SHB Pete Fields
|
0-0: Ball 1-0: Ball 2-0: Foul Ball, location: 2F 2-1: Ball 3-1: Foul Ball, location: 2F 3-2: Base on Balls Danny Wilson to second
|
Batting: RHB Eric Adams
|
0-0: Swinging Strike 0-1: Called Strike 0-2: Ball 1-2: Ball 2-2: SINGLE (Line Drive, 6MD) Stan Webb scores Danny Wilson to third Pete Fields to second
|
Batting: RHB Jeff Byford
|
0-0: Ball 1-0: Called Strike 1-1: Fly out, F9 (Flyball, 9LM)
|
Bottom of the 4th over - 4 run(s), 5 hit(s), 0 error(s), 3 left on base; Oklahoma 2 - Texas Christian 4 |
TOP OF THE 5TH |
Oklahoma Sooners batting - Pitching for Texas Christian Horned Frogs : LHP Carlos González
|
Batting: LHB Mark Watson
|
0-0: Ball 1-0: Ball 2-0: Ground out 6-3 (Groundball, 6D)
|
Batting: RHB Rafael Barajas
|
0-0: Swinging Strike 0-1: Ball 1-1: Ball 2-1: Foul Ball, location: 2F 2-2: Foul Ball, location: 2F 2-2: Foul Ball, location: 2F 2-2: Ball 3-2: Ground out 5-3 (Groundball, 56S)
|
Batting: RHB Albert Morán
|
0-0: Swinging Strike 0-1: Ball 1-1: Ball 2-1: Ball 3-1: Base on Balls
|
Pitching: RHP Broderick Bower
|
|
Batting: RHB Bryant Caldwell
|
0-0: Ball 1-0: Ball 2-0: Ball 3-0: Base on Balls Albert Morán to second
|
Batting: SHB Allen King
|
0-0: Called Strike 0-1: Ball 1-1: Ball 2-1: Called Strike 2-2: Foul Ball, location: 2F 2-2: Strikes out swinging passed ball, reaches first! Albert Morán to third Bryant Caldwell to second
|
Batting: RHB Elliott Crouch
|
0-0: Ball 1-0: Ball 2-0: Fly out, F3 (Popup, 34)
|
Top of the 5th over - 0 run(s), 0 hit(s), 0 error(s), 3 left on base; Oklahoma 2 - Texas Christian 4 |
BOTTOM OF THE 5TH |
Texas Christian Horned Frogs batting - Pitching for Oklahoma Sooners : RHP Parker Dunham
|
Batting: LHB Todd Gilliam
|
0-0: Ball 1-0: Ball 2-0: Ball 3-0: Base on Balls
|
Pitching: RHP Frank Simmons
|
|
Batting: LHB Winston Lewis
|
0-0: Ball 1-0: Ball 2-0: Ball Wild Pitch! Todd Gilliam to second 3-0: Called Strike 3-1: Called Strike 3-2: Foul Ball, location: 2F 3-2: Base on Balls
|
Batting: SHB Ron Winston
|
0-0: Called Strike 0-1: Ball 1-1: Called Strike 1-2: Ball 2-2: Foul Ball, location: 2F 2-2: Fly out, F8 (Flyball, 8LS)
|
Batting: RHB Stan Webb
|
0-0: Called Strike 0-1: Fly out, F8 (Flyball, 8LM)
|
Batting: LHB Axel Hall
|
0-0: Foul Ball, location: 2F 0-1: Ball 1-1: Foul Ball, location: 2F 1-2: Ball 2-2: Ball 3-2: Strikes out swinging
|
Bottom of the 5th over - 0 run(s), 0 hit(s), 0 error(s), 2 left on base; Oklahoma 2 - Texas Christian 4 |
TOP OF THE 6TH |
Oklahoma Sooners batting - Pitching for Texas Christian Horned Frogs : RHP Broderick Bower
|
Batting: LHB Pancho Sardiña
|
0-0: Called Strike 0-1: Ball 1-1: Ball 2-1: Foul Ball, location: 2F 2-2: Ball 3-2: SINGLE (Flyball, 78S)
|
Batting: RHB Ambrosio Hernández
|
0-0: Ball 1-0: Ball 2-0: Ball 3-0: Called Strike 3-1: Grounds into double play, 6-4-3 (Groundball, 6M)
|
Batting: SHB José Rojas
|
0-0: Ball 1-0: Ball 2-0: Foul Ball, location: 2F 2-1: Fly out, F9 (Line Drive, 9)
|
Top of the 6th over - 0 run(s), 1 hit(s), 0 error(s), 0 left on base; Oklahoma 2 - Texas Christian 4 |
BOTTOM OF THE 6TH |
Texas Christian Horned Frogs batting - Pitching for Oklahoma Sooners : RHP Frank Simmons
|
Batting: RHB Danny Wilson
|
0-0: Ball 1-0: Ground out 6-3 (Groundball, 6)
|
Batting: SHB Pete Fields
|
0-0: Ball 1-0: Called Strike 1-1: Ball 2-1: Ground out 1-3 (Groundball, 15S)
|
Batting: RHB Eric Adams
|
0-0: Ball 1-0: Ball 2-0: Fly out, F1 (Line Drive, 13)
|
Bottom of the 6th over - 0 run(s), 0 hit(s), 0 error(s), 0 left on base; Oklahoma 2 - Texas Christian 4 |
TOP OF THE 7TH |
Oklahoma Sooners batting - Pitching for Texas Christian Horned Frogs : RHP Broderick Bower
|
Batting: LHB Mark Watson
|
0-0: Ball 1-0: Foul Ball, location: 2F 1-1: Foul Ball, location: 2F 1-2: Strikes out swinging
|
Batting: RHB Rafael Barajas
|
0-0: Ball 1-0: Fly out, F8 (Line Drive, 8LD)
|
Batting: RHB Albert Morán
|
0-0: Foul Ball, location: 2F 0-1: Ball 1-1: Ball 2-1: Ball 3-1: SINGLE (Groundball, 56S) (infield hit)
|
Batting: RHB Bryant Caldwell
|
0-0: Ball 1-0: Ball Albert Morán steals 2nd base 2-0: Called Strike 2-1: Foul Ball, location: 2F 2-2: Strikes out swinging
|
Top of the 7th over - 0 run(s), 1 hit(s), 0 error(s), 1 left on base; Oklahoma 2 - Texas Christian 4 |
BOTTOM OF THE 7TH |
Texas Christian Horned Frogs batting - Pitching for Oklahoma Sooners : RHP Frank Simmons
|
Batting: RHB Jeff Byford
|
0-0: Ball 1-0: Foul Ball, location: 2F 1-1: Ball 2-1: Swinging Strike 2-2: Foul Ball, location: 2F 2-2: Strikes out swinging
|
Batting: LHB Todd Gilliam
|
0-0: Foul Ball, location: 2F 0-1: Ball 1-1: Ball 2-1: Called Strike 2-2: Strikes out looking
|
Batting: LHB Winston Lewis
|
0-0: Called Strike 0-1: Ground out 4-3 (Groundball, 4M)
|
Bottom of the 7th over - 0 run(s), 0 hit(s), 0 error(s), 0 left on base; Oklahoma 2 - Texas Christian 4 |
TOP OF THE 8TH |
Oklahoma Sooners batting - Pitching for Texas Christian Horned Frogs : RHP Broderick Bower
|
Batting: SHB Allen King
|
0-0: Ball 1-0: Ground out 1-3 (Groundball, 13S)
|
Batting: RHB Elliott Crouch
|
0-0: Swinging Strike 0-1: SOLO HOME RUN (Flyball, 78XD), Distance : 430 ft
|
Pitching: LHP Joe Roberts
|
|
Batting: LHB Pancho Sardiña
|
0-0: Fly out, F8 (Flyball, 8LD)
|
Pitching: RHP Troy Perkins
|
|
Batting: RHB Ambrosio Hernández
|
0-0: Ball 1-0: Ball 2-0: Ball 3-0: Called Strike 3-1: Base on Balls
|
Pitching: LHP Richard Warren
|
|
Batting: SHB José Rojas
|
0-0: Ball 1-0: Ball 2-0: Ball 3-0: Base on Balls Ambrosio Hernández to second
|
Batting: LHB Mark Watson
|
0-0: Ball 1-0: Foul Ball, location: 2F 1-1: Ball 2-1: Called Strike 2-2: 3-RUN HOME RUN (Flyball, 9D), Distance : 364 ft
|
Pitching: RHP Brian López
|
|
Batting: RHB Rafael Barajas
|
0-0: Ball 1-0: Reached on error, E4 (Groundball, 34)
|
Batting: RHB Albert Morán
|
0-0: Ball 1-0: Fielders Choice at 2nd, 6-4 (Groundball, 6D)
|
Top of the 8th over - 4 run(s), 2 hit(s), 1 error(s), 0 left on base; Oklahoma 6 - Texas Christian 4 |
BOTTOM OF THE 8TH |
Texas Christian Horned Frogs batting - Pitching for Oklahoma Sooners : RHP Frank Simmons
|
Now in LF: Andrés Macíal
|
|
Batting: SHB Ron Winston
|
0-0: Called Strike 0-1: Foul Ball, location: 2F 0-2: Foul Ball, location: 2F 0-2: Fly out, F8 (Flyball, 8LS)
|
Batting: RHB Stan Webb
|
0-0: Foul Ball, location: 2F 0-1: Ground out 4-3 (Groundball, 4)
|
Batting: LHB Axel Hall
|
0-0: Foul Ball, location: 2F 0-1: Ball 1-1: Foul Ball, location: 2F 1-2: Ground out 5-3 (Groundball, 56)
|
Bottom of the 8th over - 0 run(s), 0 hit(s), 0 error(s), 0 left on base; Oklahoma 6 - Texas Christian 4 |
TOP OF THE 9TH |
Oklahoma Sooners batting - Pitching for Texas Christian Horned Frogs : RHP Brian López
|
Pitching: LHP John Perkins
|
|
Batting: RHB Bryant Caldwell
|
0-0: SINGLE (Groundball, 56D)
|
Batting: SHB Allen King
|
0-0: Foul Ball, location: 2F 0-1: Swinging Strike 0-2: Ball 1-2: Strikes out looking
|
Batting: RHB Elliott Crouch
|
0-0: Swinging Strike 0-1: Foul Ball, location: 2F 0-2: Strikes out swinging
|
Batting: LHB Pancho Sardiña
|
0-0: Called Strike 0-1: Called Strike 0-2: Ball 1-2: Ball 2-2: Foul Ball, location: 2F 2-2: Strikes out swinging
|
Top of the 9th over - 0 run(s), 1 hit(s), 0 error(s), 1 left on base; Oklahoma 6 - Texas Christian 4 |
BOTTOM OF THE 9TH |
Texas Christian Horned Frogs batting - Pitching for Oklahoma Sooners : RHP Frank Simmons
|
Pitching: RHP Thomas Kemp
|
|
Now in CF: Sidney Boyd
|
|
Batting: RHB Danny Wilson
|
0-0: Called Strike 0-1: Ball 1-1: Foul Ball, location: 2F 1-2: Foul Ball, location: 2F 1-2: Foul Ball, location: 2F 1-2: Foul Ball, location: 2F 1-2: Strikes out looking
|
Batting: SHB Pete Fields
|
0-0: Ball 1-0: Ball 2-0: Ball 3-0: Base on Balls
|
Pinch Hitting: RHB Eric Schroeder
|
0-0: Called Strike 0-1: Foul Ball, location: 2F 0-2: Ball 1-2: Ball 2-2: Foul Ball, location: 2F 2-2: Ball 3-2: Base on Balls Pete Fields to second
|
Batting: RHB Jeff Byford
|
0-0: Grounds into double play, 5-4-3 (Groundball, 56)
|
Bottom of the 9th over - 0 run(s), 0 hit(s), 0 error(s), 1 left on base; Oklahoma 6 - Texas Christian 4 |
|